[Event "*** Titled Tuesday 3|2 Blitz"]
[Site "Chess.com"]
[Date "2015.04.07"]
[Round "2"]
[White "brauliocuarta"]
[Black "AndrewMcStone"]
[Result "1-0"]
[WhiteElo "2029"]
[BlackElo "1931"]
[TimeControl "180+2"]
[EndTime "11:22:28 PDT"]
[Termination "brauliocuarta won by resignation"]

1. d4 Nf6 2. c4 Nc6 3. Nf3 e6 4. Nc3 Bb4 5. Bg5 h6 6. Bxf6 Qxf6 7. Rc1 O-O 8. e3 e5 9. dxe5 Nxe5 10. Be2 d6 11. O-O Bxc3 12. Rxc3 b6 13. Nxe5 dxe5 14.
Bf3 Rb8 15. c5 Be6 16. b3 Rfd8 17. Qc2 Bf5 18. e4 Be6 19. cxb6 cxb6 20. Rd1 Rbc8 21. Rxd8+ Qxd8 22. h3 Rxc3 23. Qxc3 Qd4 24. Qxd4 exd4 25. Kf1 Bc8 26. Ke2 Ba6+ 27. Kd2 Kf8 28. Be2 Bb7 29. f3 Ke7 30. Bc4 Kd6 31. Bxf7 Ke5 32. g3 g5 33. Kd3 Ba6+ 34. Bc4 b5 35. Bg8 b4+ 36. Bc4 Bc8 37. f4+ gxf4 38. gxf4+ Kxf4 39. Kxd4 Bxh3 40. e5 Kg5 41.
Kc5 Kf5 42. e6 Kf6 43. Kd6 h5 44. e7 1-0

[Event "*** Titled Tuesday 3|2 Blitz"]
[Site "Chess.com"]
[Date "2015.04.07"]
[Round "2"]
[White "WanderingPuppet"]
[Black "DanielRensch"]
[Result "0-1"]
[WhiteElo "2121"]
[BlackElo "2249"]
[TimeControl "180+2"]
[EndTime "11:22:46 PDT"]
[Termination "DanielRensch won by resignation"]

1. e4 c5 2. Nf3 d6 3. d4 cxd4 4. Nxd4 Nf6 5. Nc3 a6 6. Be3 e6 7. f3 b5 8. Qd2 Nbd7 9. g4 Nb6 10. a4 b4 11. Na2 d5 12. e5 Nfd7 13. f4 Qh4+ 14. Bf2 Qxg4 15. Be2 Qh3 16. Nxb4 Nc5 17. Bd3 Bb7 18. Nbc6 Rc8 19. Na7 Ra8 20. Qa5 Nc4 21.
Qc7 Be7 22. b4 Nxd3+ 23. cxd3 Bxb4+ 24. Ke2 Qh5+ 25. Nf3 O-O 26. Qxb7 Nd2 27. Nc6 Qxf3+ 28. Ke1 Ne4+ 29. Qxb4 Qxh1+ 30. Ke2 Qxa1 31. Ne7+ Kh8 32. dxe4 dxe4 33. Bd4 Qa2+ 34. Kf1 Qxh2 35. f5 Qh3+ 36. Kf2 exf5 37. e6 fxe6 38. Qb2 Qh4+ 39. Kg1 Qxe7 40. Kh2 Rab8 41. Qg2 Rb3 42. Be5 Qh4+ 0-1

[Event "*** Titled Tuesday 3|2 Blitz"]
[Site "Chess.com"]
[Date "2015.04.07"]
[Round "2"]
[White "grandmastergauri"]
[Black "jbj"]
[Result "0-1"]
[WhiteElo "2279"]
[BlackElo "2292"]
[TimeControl "180+2"]
[EndTime "11:22:47 PDT"]
[Termination "jbj won by resignation"]

1. e4 d6 2. Nc3 Nf6 3. g3 e5 4. Bg2 Be7 5. Nf3 O-O 6. O-O c5 7. d3 Nc6 8. Bg5 Be6 9. Nd2 Nd4 10. Re1 b5 11. Nf1 b4 12. Ne2 Bg4 13. Ne3 Nxe2+ 14.
Rxe2 Bxe2 15. Qxe2 Ne8 16. Bxe7 Qxe7 17. f4 exf4 18.
gxf4 Qf6 19. Nd5 Qxb2 20. Rf1 Qd4+ 21. Kh1 Nf6 22. Ne7+ Kh8 23. e5 Rae8 24. exf6 Qxf6 25. Re1 Qxf4 26. Bc6 Rd8 27. Be4 Rfe8 28. Nd5 Qh4 29. Rg1 f5 30. Qg2 g6 31. Bxf5 Re5 32. Be4 Rf8 33.
Rf1 Rxf1+ 34. Qxf1 Kg7 35. Nf4 Qf6 36. Qf3 a5 37. Qg4 Qe7 38. Nd5 Qf7 39. Kg2 Rxd5 40.
Bxd5 Qxd5+ 41. Kg3 Qe5+ 42. Kg2 h5 43. Qd7+ Kh6 44.
Qc8 Qe2+ 45. Kg3 Qe3+ 46. Kg2 Qd2+ 47. Kg3 Qg5+ 48. Kh3 Qf5+ 49. Qxf5 gxf5 50. Kg3 Kg5 51. h4+ Kg6 52. Kf4 Kf6 53. Kf3 Ke5 54. Ke3 f4+ 55.
Kf3 Kf5 56. Kf2 Kg4 0-1

[Event "*** Titled Tuesday 3|2 Blitz"]
[Site "Chess.com"]
[Date "2015.04.07"]
[Round "2"]
[White "lukas_111111"]
[Black "alturas_pacificas"]
[Result "0-1"]
[WhiteElo "2316"]
[BlackElo "2119"]
[TimeControl "180+2"]
[EndTime "11:23:12 PDT"]
[Termination "alturas_pacificas won by resignation"]

1. e4 e5 2. Nf3 Nf6 3. d4 Nxe4 4.
dxe5 d5 5. Nbd2 Nxd2 6. Qxd2 c6 7. Bd3 Be7 8. O-O Nd7 9. Qf4 Nc5 10. Qg3 Ne6 11. Bd2 Bd7 12. Rad1 Qc7 13. Rfe1 O-O-O 14. h4 Rdg8 15. Ng5 Bxg5 16. hxg5 Qd8 17. c4 d4 18. Bf5 h5 19. b4 h4 20. Qg4 h3 21.
gxh3 g6 22. Bb1 Rh5 23. Qg3 Nxg5 24. h4 Nh3+ 25. Kg2 Rxh4 26. Re4 Rgh8 27. Rde1 c5 28. Rxh4 Rxh4 29. f3 Rh5 30. Rh1 Qh8 31. Rh2 Be6 32.
Be4 cxb4 33. Bxb4 Qh6 34. f4 Nxf4+ 35. Kg1 Rxh2 36. Qxh2 Qxh2+ 37. Kxh2 g5 38. Bd2 Bxc4 39. Bf5+ Kc7 40. Kg3 Bxa2 41. Kg4 Be6 42. Kxg5 Bxf5 43. Kxf5 Ne6 44. Kf6 Nd8 45. Bb4 Kd7 46. Be7 Nc6 47.
Bd6 d3 48. Kxf7 d2 0-1

[Event "*** Titled Tuesday 3|2 Blitz"]
[Site "Chess.com"]
[Date "2015.04.07"]
[Round "2"]
[White "guillead1"]
[Black "GeorgMeier"]
[Result "0-1"]
[WhiteElo "2389"]
[BlackElo "2724"]
[TimeControl "180+2"]
[EndTime "11:23:15 PDT"]
[Termination "GeorgMeier won by resignation"]

1. d4 e6 2. c4 Nf6 3. Nf3 d5 4. g3 Bb4+ 5. Bd2 Be7 6. Bg2 O-O 7. O-O c6 8. Qc2 Nbd7 9. Rd1 b6 10. b3 Bb7 11.
Bf4 c5 12. dxc5 Bxc5 13. Nc3 Rc8 14. Ne5 Nxe5 15. Bxe5 Bxf2+ 16. Kh1 Ng4 17. Bf4 Bc5 18. Ne4 Qe7 19. Nxc5 Qxc5 20. e3 Nxe3 21. Bxe3 Qxe3 22.
Qb2 Rfd8 23. Rd4 e5 24. Rd2 e4 25. Rad1 d4 26. Rxd4 Rxd4 27. Qxd4 Qxd4 28. Rxd4 f5 29. Kg1 Rc7 30. Kf2 Kf7 31. Ke3 Kf6 32. h4 g6 33. Kf4 Ke6 34. g4 Rf7 35. g5 Rd7 36. Rxd7 Kxd7 37. Bf1 Kd6 38. b4 Bc8 39. a3 Be6 40.
Be2 Bf7 41. Bf1 Be8 42. Be2 Ba4 43. h5 Bc2 44. hxg6 hxg6 45. Bf1 Bd1 46. Bh3 Be2 47. Bxf5 gxf5 48. Kxf5 Bxc4 49. Kxe4 Bb3 50. Kd4 Bc2 51.
Kc3 Bg6 52. Kd4 Be8 53. Kc4 a6 54. Kd4 Bf7 55. a4 Be8 56. a5 b5 57. Ke4 Bh5 58. Kd4 Bg6 59. Ke3 Kd5 60. Kf4 Kc4 61. Ke5 Kxb4 62. Kf6 Bh5 63. Kg7 Kxa5 64. Kh6 Be8 65. Kh7 b4 66. g6 Bxg6+ 67. Kxg6 b3 0-1

[Event "*** Titled Tuesday 3|2 Blitz"]
[Site "Chess.com"]
[Date "2015.04.07"]
[Round "2"]
[White "jefferyx"]
[Black "SCIM"]
[Result "1-0"]
[WhiteElo "2087"]
[BlackElo "2040"]
[TimeControl "180+2"]
[EndTime "11:23:21 PDT"]
[Termination "jefferyx won by resignation"]

1. b4 d5 2. Bb2 Nf6 3. e3 c6 4.
a3 Bf5 5. h3 h6 6. Nf3 Nbd7 7. d3 e6 8. g4 Bh7 9. Rg1 Bd6 10. g5 hxg5 11. Nxg5 Qe7 12. Nd2 Bg6 13. Qf3 e5 14. Qg2 O-O-O 15. Be2 Kb8 16. Nb3 Rh4 17.
Nf3 Rh6 18. O-O-O Rdh8 19. Rh1 Nb6 20. Nc5 Nfd7 21. Nxd7+ Nxd7 22. Rdg1 a5 23. Qg4 axb4 24.
axb4 Bxb4 25. Nxe5 Nxe5 26. Bxe5+ Qxe5 27. Qxb4 Rxh3 28. Rxh3 Rxh3 29. Kd2 Rh2 30. Rb1 Qc7 31. Qf8+ Qc8 32. Qd6+ Qc7 33. Qf8+ Qc8 34. Qxg7 Rxf2 35. Ra1 Qe6 36.
Qh8+ Kc7 37. Ra8 Qe7 38. Qb8+ Kb6 39. Qa7+ Kc7 40. Rb8 Qb4+ 41. Kd1 Qb1+ 42. Kd2 Qb4+ 43. Kd1 Bh5 44. Rxb7+ Qxb7 45. Qxb7+ Kxb7 46. Bxh5 Rf6 47. Kd2 Kc7 48. d4 Kd6 49. Kd3 Rf5 50. Bg4 Rf2 51. c4 f6 52. cxd5 cxd5 53. Bd1 Ra2 54. Bh5 Ra3+ 55. Ke2 Ke6 56. Kf3 Kf5 57. Bg4+ Kg5 58. Be6 Ra5 59. Kg3 f5 60. Kf3 Kf6 61. Bg8 Kg5 62. Be6 Rb5 63. Bg8 Ra5 64. Be6 Ra3 65.
Kf2 Ra2+ 66. Kf3 Ra3 67. Kf2 f4 68. exf4+ Kxf4 69. Bxd5 Ra2+ 70. Bxa2 1-0

[Event "*** Titled Tuesday 3|2 Blitz"]
[Site "Chess.com"]
[Date "2015.04.07"]
[Round "2"]
[White "iFrancisco"]
[Black "gumersindo"]
[Result "1-0"]
[WhiteElo "2220"]
[BlackElo "2123"]
[TimeControl "180+2"]
[EndTime "11:23:32 PDT"]
[Termination "iFrancisco won by checkmate"]

1. e4 e5 2. Nf3 Nc6 3. Bb5 a6 4. Ba4 Nf6 5. O-O Be7 6. Re1 b5 7. Bb3 d6 8. c3 O-O 9. h3 Na5 10. Bc2 c5 11. d4 Qc7 12. Nbd2 Nc6 13. d5 Nb8 14. Nf1 Nbd7 15. Ng3 Re8 16. Nh2 c4 17. Kh1 Bf8 18. Ng4 Nxg4 19. hxg4 Nc5 20. Be3 g6 21.
Qd2 Bxg4 22. f3 Bd7 23. Kg1 Be7 24. Bg5 Qd8 25. Be3 Rc8 26. Nf1 f5 27. exf5 gxf5 28. Re2 Bf6 29. Rae1 Kh8 30. g3 Rg8 31. Rg2 Qf8 32.
Bf2 Bg5 33. Qe2 f4 34. g4 Qf6 35. Nd2 Bh4 36. Ne4 Nxe4 37. Qxe4 Bxf2+ 38. Kxf2 Rg7 39. Rh1 Kg8 40. Rgh2 Rc7 41. Rxh7 Bxg4 42. Rh8+ Kf7 43. fxg4 Rxg4 44. Qf5 Qxf5 45. Bxf5 Rg7 46. Be6+ Kf6 47.
R1h6+ Kg5 48. Rh5+ Kf6 49. Rf8+ Ke7 50. Rhh8 Ra7 51.
Rfg8 Kf6 52. Rf8+ Kg5 53. Rf5+ Kg6 54. Rfh5 a5 55. R8h6# 1-0

[Event "*** Titled Tuesday 3|2 Blitz"]
[Site "Chess.com"]
[Date "2015.04.07"]
[Round "2"]
[White "chessloveyou"]
[Black "patzerplay"]
[Result "1-0"]
[WhiteElo "2119"]
[BlackElo "2151"]
[TimeControl "180+2"]
[EndTime "11:24:12 PDT"]
[Termination "chessloveyou won by resignation"]

1. d4 Nf6 2. Nf3 g6 3. g3 Bg7 4.
Bg2 O-O 5. O-O d5 6. a4 a5 7. Nc3 c6 8. Re1 Ne4 9. Nd2 Bxd4 10.
Ndxe4 dxe4 11. Nxe4 Na6 12. Bh6 Re8 13. c3 Bg7 14.
Bxg7 Kxg7 15. Qb3 Qc7 16. Ng5 e5 17. Rad1 h6 18. Ne4 Be6 19. Qa3 Red8 20. e3 Rd7 21.
Bf1 Bd5 22. Nd2 Be6 23. Ne4 Bd5 24. Nd2 Be6 25. Bxa6 Rxa6 26. Ne4 Ra8 27. Nc5 Rxd1 28. Nxe6+ fxe6 29. Rxd1 Rd8 30. Qa1 Kf6 31. Qc1 Rd6 32.
Rxd6 Qxd6 33. Qc2 Qd5 34. Qe2 e4 35. Qg4 Qf5 36. Qh4+ Kg7 37. Qe7+ Qf7 38. Qd8 h5 39. Qd4+ Kh7 40. Qxe4 Qd7 41. Kg2 b5 42. axb5 cxb5 43. Qd4 Qb7+ 44. f3 b4 45. cxb4 axb4 46. b3 Qb5 47. Kh3 Qf5+ 48. Kg2 Qb5 49. Qd2 Qc5 50. Qd8 Qc2+ 51. Kf1 Qc1+ 52. Ke2 Qc2+ 53. Qd2 Qxb3 54. Qd7+ Kh6 55. e4 Qc4+ 56. Ke1 Qc3+ 57. Qd2+ g5 58. Qxc3 bxc3 59. Kd1 g4 60. f4 e5 61. f5 Kg5 62.
Kc2 Kf6 63. Kxc3 Kg5 64. Kc4 h4 65. Kd5 Kf6 66. Kd6 h3 67. Kd5 1-0

[Event "*** Titled Tuesday 3|2 Blitz"]
[Site "Chess.com"]
[Date "2015.04.07"]
[Round "2"]
[White "jcibarra"]
[Black "1stSecond"]
[Result "0-1"]
[WhiteElo "2527"]
[BlackElo "2387"]
[TimeControl "180+2"]
[EndTime "11:24:29 PDT"]
[Termination "1stSecond won by checkmate"]

1. e4 e5 2. Nf3 Nc6 3. Bb5 a6 4. Bxc6 dxc6 5. O-O Qe7 6. d4 exd4 7. Nxd4 g6 8. Nc3 Bg7 9. e5 Nh6 10. Re1 O-O 11. Nf3 Rd8 12. Qe2 Re8 13. Bg5 Qf8 14.
Qc4 Nf5 15. Ne4 Be6 16. Qc3 Kh8 17. Bf6 h6 18. g4 Ne7 19. Bxg7+ Kxg7 20. Nf6 Red8 21. Nd4 Nd5 22. Qg3 Kh8 23. c3 c5 24.
Nf3 Qg7 25. g5 h5 26. Nh4 Qf8 27. f4 Ne7 28. Qf3 b6 29. f5 Nxf5 30. Nxf5 Bxf5 31.
Nxh5 Qe7 32. Nf6 Kg7 33. h4 Rh8 34. h5 Rhd8 35. Re2 Qe6 36. Rae1 c6 37. Rh2 Rd3 38. Qf2 Bh3 39. Qh4 Rh8 40. h6+ Kf8 41. Rf2 Ke7 42. Ne4 Bf5 43. Nd6 Kd7 44. Qf4 Rxd6 45.
Kh2 Rd3 46. Rd2 Rxd2+ 47. Qxd2+ Kc7 48. Qf4 Rd8 49. Re2 b5 50. a3 Rd3 51. Kg1 Kb6 52.
b4 Qd5 53. e6 Rd1+ 54. Kf2 cxb4 55. axb4 Kb7 56. e7 Qh1 57. Qb8+ Kxb8 58. e8=Q+ Bc8 59.
Qe5+ Ka8 60. Qe4 Qg1+ 61. Kf3 Rf1+ 62. Rf2 Qxf2# 0-1

[Event "*** Titled Tuesday 3|2 Blitz"]
[Site "Chess.com"]
[Date "2015.04.07"]
[Round "2"]
[White "AnthonyWirig"]
[Black "Ar4uha"]
[Result "1/2-1/2"]
[WhiteElo "2484"]
[BlackElo "2463"]
[TimeControl "180+2"]
[EndTime "11:25:00 PDT"]
[Termination "Game drawn by repetition"]

1. c4 Nf6 2. g3 e6 3. Bg2 d5 4. Nf3 dxc4 5. Qa4+ Nbd7 6. Qxc4 a6 7. Qc2 Be7 8. O-O O-O 9. a4 Rb8 10. d3 Nd5 11. Bd2 c5 12. Nc3 N7f6 13. a5 Bd7 14. Ne5 Be8 15. Nxd5 Nxd5 16. Rfc1 f6 17. Nc4 Bc6 18. Ne3 Qd7 19. Nxd5 Bxd5 20. Be3 Rfc8 21. Qa4 Qxa4 22. Rxa4 Kf7 23. Bf4 Ra8 24. Rc3 g5 25. Be3 Rab8 26. Ra1 b5 27. axb6 Rxb6 28. Bxd5 exd5 29.
Bc1 Ke6 30. Rca3 Rcc6 31. Ra4 Bd6 32. Kg2 Be5 33. R1a2 h5 34. f4 gxf4 35. gxf4 Bd6 36. Kf3 f5 37. Bd2 Be7 38. Bc3 Bf6 39. Ra1 Kf7 40.
h3 Re6 41. Bxf6 Kxf6 42. R1a2 d4 43. Ra5 Rec6 44. R2a4 Ke6 45. Ra2 Kd5 46. b4 Rxb4 47.
Rxa6 Rxa6 48. Rxa6 Rb1 49. Kf2 Rh1 50. Kg2 Re1 51.
Kf2 Rh1 52. Rf6 Rh2+ 53. Kf1 Rxh3 54. Rxf5+ Kd6 55. Kf2 h4 56. Rh5 Rh2+ 57. Kf3 Rh3+ 58. Kf2 Rh2+ 59. Ke1 Rh1+ 60. Kd2 h3 61. Rh6+ Kd5 62.
Rh5+ Ke6 63. Rxc5 h2 64. Rh5 Kf6 65. f5 Ke5 66. Kc2 Kf6 67. Kb2 Ke5 68. Kc2 Kf6 69. Kd2 Ke5 70. Kc2 Kf6 71. Kb2 Ke5 72. Ka2 Kf6 73. Kb2 Ke5 74. Kc2 Kf6 75. Kd2 Ke5 76. Kc2 1/2-1/2

[Event "*** Titled Tuesday 3|2 Blitz"]
[Site "Chess.com"]
[Date "2015.04.07"]
[Round "2"]
[White "Daniel_Fridman"]
[Black "zmaj23"]
[Result "1/2-1/2"]
[WhiteElo "2626"]
[BlackElo "2388"]
[TimeControl "180+2"]
[EndTime "11:25:13 PDT"]
[Termination "Game drawn - insufficient material"]

1. d4 c5 2. d5 f5 3. Nc3 d6 4. e4 fxe4 5. Nxe4 Bf5 6. Bd3 c4 7. Nf6+ Nxf6 8. Bxf5 Qa5+ 9. c3 Qxd5 10. Qxd5 Nxd5 11. Bc8 b6 12. Bb7 Nc7 13. Nf3 e5 14. Nd2 d5 15. b3 b5 16. Bb2 Bc5 17. a4 O-O 18. O-O Nd7 19. Bxa8 Rxa8 20. axb5 e4 21.
Kh1 cxb3 22. Nxb3 Nxb5 23. Rad1 Nc7 24. c4 Bb4 25. cxd5 a5 26. Rd4 Nf6 27. d6 Nb5 28.
Rdd1 Nxd6 29. Nd4 Nc4 30. Ba1 e3 31. f3 e2 32. Nxe2 Ne3 33. Rb1 Nxf1 34. Rxf1 Re8 35.
Nd4 a4 36. Rb1 a3 37. Kg1 Nd5 38. Kf2 a2 39. Rc1 Re7 40. Rc8+ Kf7 41. Ra8 Be1+ 42. Kf1 Bc3 43. Nc2 Bxa1 44. Nxa1 Nc3 45. Ra3 Rb7 46. Rxc3 Rb1+ 47. Kf2 Rxa1 48. Ra3 Ke6 49. h4 g6 50. Kg3 Kd5 51. Kf4 Kc4 52. g4 Kb4 53. Ra8 Kb3 54. Rb8+ Ka3 55. Ra8+ Kb3 56. Rb8+ Kc3 57. Ra8 Kc2 58.
Kg5 Kb2 59. Kh6 Rh1 60. Kxh7 Rxh4+ 61. Kxg6 Rh3 62. f4 Ra3 63. Rb8+ Kc2 64. Rc8+ Kd3 65. Rc1 Ra6+ 66. Kg7 Ke4 67. f5 Ra7+ 68. Kg6 a1=Q 69. Rxa1 Rxa1 70. f6 Ra8 71. f7 Kf4 72. g5 Ke5 73.
Kg7 Kf5 74. g6 Kg5 75. f8=Q Rxf8 76. Kxf8 Kxg6 1/2-1/2

[Event "*** Titled Tuesday 3|2 Blitz"]
[Site "Chess.com"]
[Date "2015.04.07"]
[Round "2"]
[White "MITerryble"]
[Black "David_Klein"]
[Result "1-0"]
[WhiteElo "2493"]
[BlackElo "2341"]
[TimeControl "180+2"]
[EndTime "11:25:16 PDT"]
[Termination "MITerryble won by resignation"]

1. d4 Nf6 2. Nf3 e6 3. c4 d5 4.
Nc3 Nbd7 5. Bf4 dxc4 6. e3 a6 7.
Bxc4 Bd6 8. Bxd6 cxd6 9. a4 d5 10. Bd3 b6 11. Qb3 O-O 12. O-O Bb7 13. Rfc1 Qe7 14. a5 b5 15. Na2 Rfc8 16. Qb4 Kf8 17. Kf1 g6 18. Ke1 Ne8 19. Qxe7+ Kxe7 20. Nb4 f6 21. Kd2 Nd6 22. b3 Rxc1 23. Rxc1 Rc8 24. Rxc8 Nxc8 25. Ne1 Nb8 26. Be2 Na7 27. Ned3 Nbc6 28.
Nxc6+ Nxc6 29. b4 Bc8 30. Kc3 Kd6 31. Nc5 Ne7 32. Bg4 f5 33. Be2 Ng8 34. f3 Nf6 35.
Bd1 g5 36. Kd2 h6 37. Nd3 Nd7 38. h3 e5 39. Kc3 e4 40. Nc5 Nf6 41. f4 g4 42. Kd2 h5 43. Ke1 g3 44. h4 Ke7 45.
Nb3 Kf8 46. Nd2 Kg7 47. Nf1 Kg6 48. Nxg3 Bd7 49. Kd2 Bc8 50. Kc1 Bd7 51. Nf1 Bc8 52. Nd2 Bd7 53. Be2 Bc8 54. Kd1 Ng8 55. Nb3 Ne7 56.
Kd2 Nc6 57. Kc3 Ne7 58. Bd1 Nc6 59. Nc1 Ne7 60. Ne2 Nc6 61. Ng3 Ne7 62. Bxh5+ Kf6 63. Kd2 Nc6 64. Kc3 Ne7 65. Be8 Kg7 66. Kd2 Kf8 67.
Bh5 Kg7 68. Nf1 Kh6 69. Be2 Ng6 70. g3 Ne7 71. Nh2 Ng6 72. h5 Ne7 73. Kc3 Ng8 74.
g4 fxg4 75. Nxg4+ Kg7 76. Ne5 Nf6 77. Kd2 Kh6 78. Ke1 Nd7 79. Nxd7 Bxd7 80. Kf2 Bf5 81.
Kg3 Kg7 82. Bg4 Bh7 83. Bc8 1-0

[Event "*** Titled Tuesday 3|2 Blitz"]
[Site "Chess.com"]
[Date "2015.04.07"]
[Round "2"]
[White "Cryptochess"]
[Black "facu57"]
[Result "0-1"]
[WhiteElo "2332"]
[BlackElo "2131"]
[TimeControl "180+2"]
[EndTime "11:25:36 PDT"]
[Termination "facu57 won by checkmate"]

1. e4 c6 2. d4 d5 3. Nc3 dxe4 4. Nxe4 Nf6 5. Nxf6+ exf6 6. Nf3 Bd6 7. Bd3 O-O 8.
O-O Bg4 9. h3 Bh5 10. Bd2 Nd7 11.
Re1 Bc7 12. c4 Nb6 13. Bc3 Qd7 14. Qc2 Bg6 15. b3 Rad8 16. Rad1 Nc8 17. d5 cxd5 18.
Bxg6 hxg6 19. Rxd5 Qc6 20. Nd4 Qa6 21. Nb5 Bb8 22.
a4 Rxd5 23. cxd5 Nd6 24. Bb4 Rd8 25. Nxd6 Bxd6 26. Bxd6 Qxd6 27. Rd1 b6 28. Qd3 g5 29.
Qf5 g6 30. Qf3 Kg7 31. Qd3 Rd7 32. Qb5 Rc7 33. a5 Rc5 34. Qb4 bxa5 35. Qd4 Rb5 36. Qc4 Rb6 37. Ra1 Qe5 38. Ra2 Rd6 39. g3 Qxd5 40.
Qc3 Qd1+ 41. Kg2 Rd3 42. Qc6 Rd5 43. Qc4 Rf5 44. Re2 Qd6 45. Re3 Rc5 46. Qa4 Qd5+ 47. Qe4 Qxe4+ 48. Rxe4 Rb5 49. Re7 Rxb3 50. Rxa7 Ra3 51.
Kh2 f5 52. Kg2 Ra2 53. Ra6 a4 54. Kf3 a3 55. g4 Ra1 56. Ra5 Kf6 57. Ra6+ Ke5 58.
Ra7 a2 59. Ra4 Kd5 60. Ra7 Rh1 61. Rxa2 Rxh3+ 62. Kg2 Rc3 63. gxf5 gxf5 64. Ra7 f6 65. Ra6 Rc6 66. Ra5+ Ke6 67. Ra8 f4 68. Kf3 Kf5 69. Ra5+ Kg6 70. Kg4 Rc2 71. Kf3 Rc3+ 72. Kg2 g4 73.
Rb5 Rc2 74. Rb4 Kg5 75. Rb5+ f5 76. Rb8 g3 77. Rg8+ Kh6 78. Kh3 Rxf2 79. Rg5 Rh2# 0-1

[Event "*** Titled Tuesday 3|2 Blitz"]
[Site "Chess.com"]
[Date "2015.04.07"]
[Round "2"]
[White "Yaacovn"]
[Black "Tilicheev_Viacheslav"]
[Result "1-0"]
[WhiteElo "2615"]
[BlackElo "2445"]
[TimeControl "180+2"]
[EndTime "11:27:10 PDT"]
[Termination "Yaacovn won on time"]

1. d4 g6 2. Nf3 Bg7 3. c4 d6 4.
g3 e6 5. Bg2 Ne7 6. O-O Nd7 7.
Nc3 h6 8. b3 b6 9. Bb2 Bb7 10.
e4 O-O 11. Re1 Kh7 12. Qd2 c5 13. Rad1 cxd4 14. Nxd4 a6 15. Nde2 Nc8 16. h4 h5 17. Ba3 Nc5 18. b4 Nd7 19. c5 bxc5 20. bxc5 Qa5 21. Qb2 Rb8 22. Bb4 Qd8 23. Qa3 dxc5 24.
Bxc5 Re8 25. Bd4 Qe7 26. Qa4 Ncb6 27. Qb3 Ba8 28. Bxg7 Kxg7 29. Nf4 Nc5 30. Qa3 Rec8 31. Rb1 Nc4 32. Qc1 Rxb1 33. Nxb1 Ne5 34. Qa3 Kf8 35.
Nd2 Bb7 36. Qb2 Qf6 37. Qb6 Ned7 38. Qb4 Qe7 39. Rc1 e5 40. Nd5 Bxd5 41. exd5 Rb8 42.
Qa3 Qd6 43. Nc4 Qe7 44. Qe3 Kg8 45. Na5 Re8 46. Bh3 Qd6 47. Rd1 Nb6 48. Qa3 Nb7 49.
Qxd6 Nxd6 50. Nc6 Kg7 51. Bf1 Rc8 52. Bxa6 Ra8 53. Nb4 Ra7 54. Rc1 Ne4 55. Rc6 Na4 56. d6 Nf6 57. Bc8 Nb2 58. Rc7 Ra4 59. Nc6 Rc4 60.
Nxe5 Rxc7 61. dxc7 Ne8 62. Nxf7 Nxc7 63. Ne5 Nb5 64. Be6 Nc3 65. Nc4 Nd3 66. Ne3 Ne4 67.
Nd1 Nec5 68. Bc4 Ne5 69. Be2 Kf6 70. Ne3 Nc6 71. Nd5+ Ke5 72. Nf4 Kf6 73. Bd3 Ne5 74. Bc2 Na6 75. a4 Nb4 76. Bb1 Nbc6 77. Kg2 Na5 78. Be4 Nac4 79. Bc2 Na5 80. Kf1 Nac6 81. Ke2 Nd4+ 82. Kd2 Ndc6 83. Kc3 Ng4 84. Nd3 g5 85. hxg5+ Kxg5 86. Kc4 h4 87. gxh4+ Kxh4 88. Kc5 Na5 89.
Kb5 Nb7 90. Kb6 Nd6 91. Bb3 Nc8+ 92. Kb7 Nd6+ 93. Kc7 Ne4 94. a5 Nc3 95. Bc4 Nf6 96.
a6 Ne8+ 97. Kc6 1-0

[Event "*** Titled Tuesday 3|2 Blitz"]
[Site "Chess.com"]
[Date "2015.04.07"]
[Round "3"]
[White "Mugzyyy"]
[Black "pedromartinez91"]
[Result "1-0"]
[WhiteElo "2440"]
[BlackElo "2164"]
[TimeControl "180+2"]
[EndTime "11:31:44 PDT"]
[Termination "Mugzyyy won - game abandoned"]

1. d4 d5 2. c4 e6 3. Nc3 Nf6 4. Bf4 Be7 5. e3 O-O 6. a3 Nbd7 7. Nb5 c6 8. Bc7 Qe8 9. Nd6 Bxd6 10. Bxd6 Ne4 11.
Bxf8 Qxf8 12. Bd3 Nef6 13. Nf3 h6 14. O-O Qd8 15. b4 Nb6 16. c5 Nbd7 17. Ne5 Nf8 18. f4 Ne8 19. a4 Nc7 20. b5 1-0

[Event "*** Titled Tuesday 3|2 Blitz"]
[Site "Chess.com"]
[Date "2015.04.07"]
[Round "3"]
[White "Mazetovic"]
[Black "DrHolmes13"]
[Result "1-0"]
[WhiteElo "2448"]
[BlackElo "2225"]
[TimeControl "180+2"]
[EndTime "11:32:39 PDT"]
[Termination "Mazetovic won by resignation"]

1. e4 c5 2. Nf3 Nc6 3. Bb5 e6 4. Bxc6 bxc6 5. d3 d6 6. e5 d5 7. Nc3 Ne7 8. O-O Nf5 9. Re1 Be7 10. b3 O-O 11. Na4 f6 12. Ba3 fxe5 13. Nxe5 Qc7 14. Bxc5 Bxc5 15. Nxc5 Nd4 16. c3 Nb5 17. Qd2 Nd6 18. d4 Nf7 19. Nxf7 Qxf7 20. Nd3 Bb7 21. Ne5 Qf5 22. b4 Rf6 23. Re3 Rh6 24. Rf3 Qe4 25. Re1 Qh4 26. Rh3 Qe7 27. Rxh6 gxh6 28. Qxh6 Rf8 29. Re3 Rf6 30. Rg3+ Kh8 31. Ng6+ Rxg6 32.
Rxg6 e5 33. Rf6 Kg8 34. Qg5+ Kh8 35. Qxe5 Qxe5 36. dxe5 d4 37. cxd4 c5 38. bxc5 Bd5 39.
c6 Bxa2 40. c7 Be6 41. Rxe6 1-0

[Event "*** Titled Tuesday 3|2 Blitz"]
[Site "Chess.com"]
[Date "2015.04.07"]
[Round "3"]
[White "David_Klein"]
[Black "chessloveyou"]
[Result "1-0"]
[WhiteElo "2348"]
[BlackElo "2116"]
[TimeControl "180+2"]
[EndTime "11:32:50 PDT"]
[Termination "David_Klein won by resignation"]

1. e4 c6 2. d4 d5 3. Nd2 dxe4 4. Nxe4 Nd7 5. Ng5 e6 6. Bd3 Ngf6 7. N1f3 Be7 8. Qe2 Nf8 9. Ne5 Qxd4 10. Ngxf7 Rg8 11.
c3 Qd5 12. O-O N8d7 13. Bf4 g5 14. Bg3 h5 15. h3 g4 16. h4 Nxe5 17. Nxe5 Bd7 18.
Bg6+ Kd8 19. Rad1 Qb5 20. c4 Qa5 21. Rd2 Kc8 22. Nxd7 Rxg6 23. Nf8 1-0

[Event "*** Titled Tuesday 3|2 Blitz"]
[Site "Chess.com"]
[Date "2015.04.07"]
[Round "3"]
[White "tac49"]
[Black "DanielRensch"]
[Result "1-0"]
[WhiteElo "2364"]
[BlackElo "2243"]
[TimeControl "180+2"]
[EndTime "11:33:35 PDT"]
[Termination "tac49 won by resignation"]

1. e4 c5 2. Nf3 d6 3. d4 cxd4 4. Qxd4 Nc6 5. Bb5 Bd7 6. Bxc6 Bxc6 7. Bg5 Rc8 8. Nc3 Qc7 9. O-O-O b5 10. Rhe1 a5 11. Kb1 h6 12. Bh4 b4 13. Nd5 Bxd5 14.
exd5 Qxc2+ 15. Ka1 Qc4 16. Qa7 g5 17. Bg3 Nf6 18. Bxd6 Nxd5 19. Ne5 Qb5 20. Rxd5 1-0

[Event "*** Titled Tuesday 3|2 Blitz"]
[Site "Chess.com"]
[Date "2015.04.07"]
[Round "3"]
[White "WanderingPuppet"]
[Black "OIAM03"]
[Result "1-0"]
[WhiteElo "2126"]
[BlackElo "1985"]
[TimeControl "180+2"]
[EndTime "11:33:47 PDT"]
[Termination "WanderingPuppet won on time"]

1. e4 c5 2. Nf3 d6 3. d4 cxd4 4. Nxd4 Nf6 5. Nc3 a6 6. Be3 e5 7. Nb3 Be6 8. h3 Be7 9. Qe2 b5 10. O-O-O Nbd7 11. f4 Qc7 12. f5 Bc4 13. Qf3 Nb6 14. Bxb6 Qxb6 15. g4 h6 16. h4 Nd7 17.
Bxc4 bxc4 18. Nd5 Qd8 19. Nd2 Bxh4 20. Nxc4 Bg5+ 21. Kb1 O-O 22. Nxd6 Qb8 23. f6 Nxf6 24. Nxf6+ Bxf6 25. Rxh6 gxh6 26. Qxf6 Qd8 27. Qxh6 1-0

[Event "*** Titled Tuesday 3|2 Blitz"]
[Site "Chess.com"]
[Date "2015.04.07"]
[Round "3"]
[White "AlmirDzhumaev"]
[Black "lukas_111111"]
[Result "0-1"]
[WhiteElo "2098"]
[BlackElo "2320"]
[TimeControl "180+2"]
[EndTime "11:33:55 PDT"]
[Termination "lukas_111111 won by checkmate"]

1. e4 c5 2. Nc3 d6 3. g3 Nf6 4. Bg2 Nc6 5. d3 e5 6. h3 Be7 7.
Be3 O-O 8. Qd2 Be6 9. f4 Nh5 10.
f5 Bd7 11. Nge2 Nd4 12. Bf2 Bg5 13. Qd1 Nf6 14. g4 h5 15. h4 Nxg4 16. hxg5 Nxf2 17. Kxf2 Qxg5 18. Nxd4 cxd4 19. Nd5 g6 20. Bf3 Bc6 21. Qg1 Qd2+ 22. Kf1 Bxd5 23. exd5 Qf4 24. Qg2 Kg7 25. Re1 Rh8 26. Re4 Qxf5 27. Reh4 Rac8 28. Rxh5 Rxh5 29. Rxh5 Qf4 30. Rh2 Qc1+ 31. Kf2 Rxc2+ 32. Be2 Qe3+ 33. Ke1 Rc1# 0-1

[Event "*** Titled Tuesday 3|2 Blitz"]
[Site "Chess.com"]
[Date "2015.04.07"]
[Round "3"]
[White "Yaacovn"]
[Black "Zvonokchess"]
[Result "1-0"]
[WhiteElo "2620"]
[BlackElo "2486"]
[TimeControl "180+2"]
[EndTime "11:34:01 PDT"]
[Termination "Yaacovn won by resignation"]

1. d4 Nf6 2. Nf3 g6 3. c4 Bg7 4. Nc3 d5 5. cxd5 Nxd5 6. g3 O-O 7. Bg2 Nb6 8. O-O Nc6 9. Bf4 Bg4 10. d5 Na5 11.
Ne5 Bf5 12. e4 Bc8 13. h4 e6 14. Rc1 h6 15. b4 Nac4 16. Nxc4 Nxc4 17. Nb5 e5 18.
Bxh6 Bxh6 19. Rxc4 Bd7 20. Nxc7 Rc8 21. d6 Bb5 22.
Rc5 Bxf1 23. Bxf1 a6 24. Qd5 Qd7 25. Kh2 Kh8 26. Bh3 f5 27. exf5 gxf5 28. Qxe5+ Bg7 29. Qe7 Qa4 30. Ne6 Qxa2 1-0

[Event "*** Titled Tuesday 3|2 Blitz"]
[Site "Chess.com"]
[Date "2015.04.07"]
[Round "3"]
[White "GasconJR"]
[Black "LyonBeast"]
[Result "0-1"]
[WhiteElo "2273"]
[BlackElo "2758"]
[TimeControl "180+2"]
[EndTime "11:34:09 PDT"]
[Termination "LyonBeast won by resignation"]

1. e4 c5 2. Nf3 e6 3. d4 cxd4 4. Nxd4 a6 5. c4 Nf6 6. Nc3 Qc7 7. Be2 Bb4 8. O-O O-O 9. Nb3 Bxc3 10. bxc3 d6 11.
Bd3 Nbd7 12. f4 e5 13. f5 b6 14. Qe2 Bb7 15. Re1 Rac8 16. g4 Rfd8 17. g5 Ne8 18. Bd2 a5 19. Rad1 Ba6 20. Be3 Bxc4 21. Qh5 Bxd3 22.
Rxd3 Qc4 23. Nc1 Qxe4 24. Rf1 d5 25. Bd2 Rc4 26. Rg3 Nf8 27. g6 fxg6 28. fxg6 Nxg6 29. Qg5 Nf6 30. Rxf6 gxf6 31. Qxf6 Rf8 32. Qe6+ Kh8 0-1